zoologist, lawful female human Archeologist | .| .| ------------- .. |`.........`| # @ |.....`.....| #####@# | -----...| # ### ..[ |...| ## --- |`..| # |...|# ### | -----....# # +.....`.....|### |`.........`.## ------------- # zoologist the Field Worker Experience level: 4 Strength: 13 Dexterity: 11 Constitution: 11 Intelligence: 14 Wisdom: 17 Charisma: 11 Health: 0(31) Energy: 21(21) Def: 5 Gold: 1862 Moves: 2824 Dungeon seed: lrvrEjnRfgEd-2C6 Game ID: zoologist_1526818729 Your Inventory: Coins $ - 1862 gold pieces Weapons a - a +2 bullwhip F - 9 cursed -1 elven arrows Armor e - an uncursed +0 leather jacket (being worn) y - a blessed +1 orcish helm (being worn) N - an uncursed +0 pair of jumping boots (being worn) Y - an uncursed +0 pair of leather gloves (being worn) Comestibles b - 3 uncursed food rations i - an uncursed egg l - an uncursed apple E - 2 uncursed tins of jackal meat I - an uncursed partly eaten food ration J - an uncursed partly eaten food ration Rings C - an uncursed ring of fire resistance Wands o - a wand of make invisible (0:5) w - a wand of light (0:11) Tools c - a +0 pick-axe (weapon in hand) f - an uncursed sack G - an uncursed bag of holding Gems n - an uncursed amethyst stone q - 2 uncursed touchstones r - 10 uncursed rocks z - an uncursed worthless piece of orange glass D - an uncursed topaz stone Contents of the bag of holding: an uncursed spellbook of knock a tinning kit (0:49) Spells and supernatural/magical abilities: Name Level Category Fail Memory s - slow monster 2 enchantment 98% 88% W - pray for help -- divine ? -- Y - supernatural jump -- ability ? -- Your skills at the end: Fighting Skills Weapon Skills pick-axe [Basic] whip [Basic] Spellcasting Skills Final Attributes: You were piously aligned. You were stealthy. You could jump. You were a werejackal. You were fast. You are dead. Vanquished creatures: a kitten a homunculus an orc zombie 2 iguanas a coyote 2 green molds 2 geckos 7 jackals a fox a kobold 5 goblins 2 sewer rats 4 grid bugs 3 lichens 8 newts 41 creatures vanquished. Voluntary challenges: You were an atheist. You used a wielded weapon 59 times, starting on turn 1. You read items or engraved 14 times, starting on turn 216. You never genocided any monsters. You never polymorphed an object. You never changed form. You used no wishes. You never split a pudding. You wrote Elbereth's name 6 times, starting on turn 304. You violated your moral code, losing 15 points of alignment, starting on turn 465. Dungeon overview: The Dungeons of Doom: levels 1 to 5 Level 1 a fountain a long staircase Level 2 a general store, a fountain a long staircase Level 3 Level 4 Level 5 <- You were here History has recorded: On T:1 you entered the Dungeons of Doom to retrieve the Amulet of Yendor! On T:465 you advanced to experience level 2. On T:636 you advanced to experience level 3. On T:725 you reached level 2 of The Dungeons of Doom. On T:1578 you advanced to experience level 4. On T:1891 you reached level 3 of The Dungeons of Doom. On T:2486 you reached level 4 of The Dungeons of Doom. On T:2804 you reached level 5 of The Dungeons of Doom. Score breakdown: Gold: 1862 (11124 points) Experience: 4 levels ( 9649 points) Exploration: 5 levels ( 10.64%) ( 8846 points) Discoveries: 11 items ( 3.69%) ( 5763 points) Valuables value: (no points given unless you survive) Artifact value: 0 ( 0 points) Variety of kills: 15 monsters ( 3.94%) ( 5952 points) Turncount: 2824 turns ( -510 points) Survival: died (score multiplied by 80%) Total score: 32659 Latest messages: That satiated your stomach! You finish eating the food ration. You continue digging downward. You dig a hole through the floor. You fall through... You stop running. The werejackal changes into a jackal. The werejackal hits! You hit the werejackal. (2x) The werejackal bites! You feel feverish. You miss the werejackal. The werejackal bites! The werejackal changes into a human. You miss the werejackal. The werejackal hits! You hit the werejackal. You hit the werejackal! The werejackal hits! You hit the werejackal. The werejackal hits! You miss the werejackal. The werejackal hits! You die... Final status: Goodbye zoologist the Archeologist, killed by a werejackal... You died in The Dungeons of Doom on dungeon level 5 with 32659 points, and 1862 pieces of gold, after 2824 moves. You were level 4 with a maximum of 31 hit points when you died.